 Dungeon Crawl Stone Soup version 0.30-a0-776-g08fbeb92c1 (webtiles) character file.

Game seed: 9496972408582296419

27 Chromium the Covered (level 2, -10/27 HPs)
             Began as an Armataur Fighter on Feb 12, 2023.
             Killed from afar by an oklob plant (24 damage)
             ... with a splash of acid
             ... created by the enmity of Fedhas Madash
             ... on level 2 of the Dungeon on Feb 13, 2023.
             The game lasted 00:03:23 (1320 turns).

Chromium the Covered (Armataur Fighter)             Turns: 1320, Time: 00:03:23

Health: -10/27     AC:  7    Str: 21    XL:     2   Next: 93%
Magic:  2/2        EV:  7    Int:  8    God:
Gold:   96         SH:  0    Dex:  9    Spells: 1/1 levels left

rFire   . . .      SeeInvis .    a - +0 long sword
rCold   . . .      Faith    .    c - +0 buckler
rNeg    . . .      Spirit   .    b - +0 scale mail
rPois   .          Reflect  .    (no helmet)
rElec   .          Harm     .    (no cloak)
rCorr   .          Roll     +    (no gloves)
Will    .....                    (no barding) Stlth
                                 (no amulet)
HPRegen 0.24/turn                (no ring)
MPRegen 0.08/turn                (no ring)

@: confused
A: large, rugged brown scales 3, deformed body, armoured tail, roll, long
tongue, awkward tongue
a: no special abilities


You were on level 2 of the Dungeon.
You visited 1 branch of the dungeon, and saw 2 of its levels.

You collected 96 gold pieces.

Inventory:

Hand Weapons
 a - a +0 long sword (weapon)
Armour
 b - a +0 scale mail (worn)
 c - a +0 buckler (worn)
Scrolls
 e - a scroll of immolation {unknown}
 f - a scroll of enchant weapon {unknown}
 h - a scroll of poison {unknown}
Potions
 d - a potion of might
 g - a potion of brilliance {unknown}


   Skills:
 + Level 3.0 Fighting
 + Level 2.2 Long Blades
 + Level 4.0 Armour
 + Level 3.6 Shields


You had one spell level left.
You didn't know any spells.
Your spell library contained the following spells:

 Spells                   Type           Power      Damage    Failure   Level
 Sandblast                Erth           0%         2d4       80%         1
 Passwall                 Tmut/Erth      0%         N/A       91%         2
 Stone Arrow              Conj/Erth      0%         3d7       99%         3


Dungeon Overview and Level Annotations

Branches:
Dungeon (2/15)

Altars:
Fedhas

Annotations:
D:2 exclusion: 2 oklob plants


Innate Abilities, Weirdness & Mutations

You are completely covered in rugged brown scales. (AC +3, +7% HP)
Armour fits poorly on your strangely shaped body.
You have a long armoured tail.
You roll when moving toward enemies. (Rampage)
Your long tongue fully drains potion bottles. (2x potion effects)
Your tongue gives you trouble enunciating. (1.5x scroll delay)


Message History

You are frozen.
* * * LOW HITPOINT WARNING * * *
You hit the endoplasm.
The endoplasm is almost dead.
The endoplasm barely misses you.
You hit the endoplasm.
You kill the endoplasm!
Things that are here:
a jackal corpse; a jackal corpse
Things that are here:
a jackal corpse; a jackal corpse You open the door.
There is an open door here.
Found a stone staircase leading up.
You open the door.
There is an open door here.
You open the door.
There is an open door here.
A worm comes into view.
Found 7 stones.
Plants grow around you in an ominous manner.
Marking area around 2 oklob plants as unsafe for travelling. 2 oklob plants come into view.
You hit the wandering mushroom.
The wandering mushroom is lightly damaged.
Marking area around 2 oklob plants as unsafe for travelling.
You hit the wandering mushroom but do no damage.
You tail-slap the wandering mushroom.
The wandering mushroom is lightly damaged.
You block the wandering mushroom's attack.
The wandering mushroom releases spores at you!
You are engulfed in a cloud of spores!
You are confused.
You barely miss the wandering mushroom.
The wandering mushroom is lightly damaged.
The wandering mushroom releases spores at you but does no damage.
The oklob plant spits acid at you. The splash of acid hits you!!
Ouch! That really hurt!
You die...

.. #. ## #. .. #. #.
#. #.#. ######
#P.f#### #.....
#f@..#### #.....
#P##....######.....
#.#####'#...##.....
............#####'#
.............'......
(.............#......
.....###########.##...
#..... #.##... #<##...


You could see 2 oklob plants and 2 wandering mushrooms.

Vanquished Creatures
  A worm (D:2)
  A dart slug (D:1)
  2 ball pythons (D:1)
  3 endoplasms
  2 goblins
  A hobgoblin (D:1)
  2 jackals (D:2)
  2 kobolds
  2 quokkas (D:1)
  2 bats
  A rat (D:1)
19 creatures vanquished.

Notes
Turn   | Place    | Note
-------+----------+-------------------------------------------
     0 | D:1      | Chromium the Armataur Fighter began the quest for the Orb.
     0 | D:1      | Reached XP level 1. HP: 19/19 MP: 1/1
     0 | D:1      | Upgraded the game from 0.30-a0-765-g3161bf10a1 to
                  | 0.30-a0-776-g08fbeb92c1
   357 | D:1      | Reached XP level 2. HP: 23/26 MP: 2/2
   646 | D:1      | Found a faded altar of an unknown god.
   653 | D:1      | Prayed at the altar of an unknown god.
   653 | D:1      | Became a worshipper of Fedhas Madash
   653 | D:1      | Reached * piety under Fedhas
   667 | D:1      | Fell from the grace of Fedhas
  1203 | D:2      | Reached skill level 4 in Armour
  1318 | D:2      | Noticed an oklob plant
  1318 | D:2      | Noticed a wandering mushroom
  1318 | D:2      | Noticed a wandering mushroom
  1318 | D:2      | Noticed an oklob plant
  1320 | D:2      | Killed from afar by an oklob plant

Illustrated notes

Levels and vault maps discovered:
D:1:      lightli_arrival_statuegarden, layout_loops_ring,
          shapermc_ecumenical_altar_notcrosses, due_unseen_surprise
D:2:      layout_basic, serial_bayou_lagoon_a, nicolae_titane

Skill      XL: |  1  2 |
---------------+-------+-----
Long Blades    | 2 |  2.2
Fighting       | 3 |  3.0
Armour         | 4 |  4.0
Shields        | |  3.6

Action                     || total
---------------------------++-------
  Melee: Long sword        ||    67
         Tailslap          ||     6
 Invoke: Renounce Religion ||     1
 Armour: Scale mail        ||    58
  Dodge: Dodged            ||    32
  Block: Buckler           ||     8

Table legend: (Time is in decaauts)
 A = Elapsed time spent in this place.
 B = Non-inter-level travel time spent in this place.
 C = Inter-level travel time spent in this place.
 D = Time resting spent in this place.
 E = Time spent auto-exploring this place.
 F = Levels seen in this place.
 G = Mean time per level.
                   A        B        C        D        E       F      G
               +--------+--------+--------+--------+--------+-----+--------+
         Total |   1341 |   1341 |      0 |    150 |    754 |   2 |  670.5 |
       Dungeon |   1341 |   1341 |      0 |    150 |    754 |   2 |  670.5 |
               +--------+--------+--------+--------+--------+-----+--------+

Top non-repeatable levels by time:
     D:1: 957 daAuts
     D:2: 383 daAuts
